 Dungeon Crawl Stone Soup version 0.29-a0-194-g6e3aafee17 (webtiles) character file.

Game seed: 17674869033039390534

8781 jlumianski the Magician (level 11, -43/78 HPs)
             Began as a Demonspawn Ice Elementalist on Feb 22, 2022.
             Was a Believer of Qazlal.
             Annihilated by a boulder beetle (61 damage)
             ... on level 11 of the Dungeon on Feb 23, 2022.
             The game lasted 01:34:20 (13427 turns).

jlumianski the Magician (DsIE)                     Turns: 13427, Time: 01:34:21

Health: -43/78     AC:  6    Str: 13    XL:     11   Next: 14%
Magic:  0/22       EV: 14    Int: 17    God:    Qazlal [**....]
Gold:   530        SH:  8    Dex: 17    Spells: 10/25 levels left

rFire   . . .      SeeInvis +   b - +6 demon trident (vamp)
rCold   + + +      Faith    .   (no shield)
rNeg    . . .      Spirit   .   n - +0 leather armour
rPois   .          Reflect  +   (helmet restricted)
rElec   .          Harm     .   i - scarf {shadows}
rCorr   .          Rampage  .   u - +0 pair of gloves
Will    +....                   h - +1 pair of boots
Stlth   ++++......              M - amulet "Gilygh" {Reflect rC++ SH+5}
HPRegen 0.23/turn               D - ring of wizardry
MPRegen 0.36/turn               H - ring "Tiduem Icro" {Will+ SInv}

@: no status effects
A: antennae 1, thin skeletal structure 2, powered by death 1, magic
regeneration, cold resistance 1, mutation resistance 1, MP-powered wands
a: Renounce Religion, Upheaval


You were on level 11 of the Dungeon.
You worshipped Qazlal.
Qazlal was pleased with you.
You visited 2 branches of the dungeon, and saw 12 of its levels.
You also visited: Ossuary.

You collected 604 gold pieces.
You spent 74 gold pieces at shops.

Inventory:

Hand Weapons
 b - a +6 vampiric demon trident (weapon)
 m - a +1 trident of venom
Missiles
 e - 4 boomerangs (quivered)
 o - 33 poisoned darts
 r - 5 javelins
 L - a curare-tipped dart
Armour
 c - +0 acid dragon scales
 h - a +1 pair of boots (worn)
 i - a scarf of shadows (worn)
 n - a +0 leather armour (worn)
 u - a +0 pair of gloves (worn)
Magical Staves
 Q - a staff of conjuration
Jewellery
 p - a ring of flight
 q - the ring "Ziodwag" {rElec EV+4}
   (You acquired it on level 3 of the Dungeon)

   [ring of evasion]

   EV:        It affects your evasion (+4).
   rElec:     It insulates you from electricity.
 x - a ring of resist corrosion
 D - a ring of wizardry (left hand)
 H - the ring "Tiduem Icro" (right hand) {Will+ SInv}
   (You found it on level 5 of the Dungeon)

   [ring of willpower]

   SInv:      It lets you see invisible.
   Will:      It increases your willpower.
 M - the amulet "Gilygh" (around neck) {Reflect rC++ SH+5}
   (You acquired it in an ossuary)

   [amulet of reflection]

   It reflects blocked missile attacks.
   rC:        It greatly protects you from cold.
   SH:        It affects your SH (+5).
 V - an amulet of reflection
Wands
 A - a wand of digging (3)
 G - a wand of charming (5)
 R - a wand of polymorph (6)
 S - a wand of paralysis (8)
Scrolls
 a - a scroll of fear
 w - 3 scrolls of immolation
 y - a scroll of teleportation
 F - 2 scrolls of identify
Potions
 f - 2 potions of invisibility
 k - 5 potions of haste
 t - 4 potions of attraction
 z - 7 potions of heal wounds
 E - 5 potions of magic
 I - 3 potions of lignification
 K - a potion of flight
 O - a potion of cancellation


   Skills:
 + Level 4.5 Fighting
 + Level 7.4 Polearms
 + Level 0.8 Throwing
 + Level 3.8 Armour
 + Level 4.8 Dodging
 + Level 4.2 Stealth
 + Level 1.7 Shields
 + Level 7.7 Spellcasting
 + Level 2.6 Conjurations
 + Level 2.5 Summonings
 + Level 0.2 Transmutations
 + Level 2.4 Fire Magic
 + Level 7.2 Ice Magic
 * Level 3.3 Invocations


You had 10 spell levels left.
You knew the following spells:

 Your Spells              Type           Power      Damage    Failure   Level
a - Freeze                Ice            100%       1d11      1%          1
b - Frozen Ramparts       Ice            62%        1d8       1%          3
c - Ozocubu's Armour      Ice            31%        N/A       1%          3
d - Foxfire               Conj/Fire      60%        2x1d7     1%          1
e - Call Canine Familiar  Summ           15%        N/A       6%          3
f - Wereblood             Tmut           7%         N/A       8%          2
g - Scorch                Fire           28%        2d6       3%          2

Your spell library contained the following spells:

 Spells                   Type           Power      Damage    Failure   Level
 Magic Dart               Conj           60%        1d6       1%          1
 Searing Ray              Conj           30%        2d5       2%          2
 Beastly Appendage        Tmut           14%        N/A       4%          1
 Conjure Flame            Conj/Fire      15%        6-21      6%          3
 Hailstorm                Conj/Ice       23%        3d7       7%          4
 Corpse Rot               Necr/Air       12%        N/A       9%          2
 Inner Flame              Hex/Fire       10%        N/A       10%         3
 Gell's Gravitas          Tloc           6%         N/A       16%         3
 Lesser Beckoning         Tloc           6%         N/A       16%         3
 Portal Projectile        Hex/Tloc       12%        N/A       16%         3
 Spider Form              Tmut/Pois      7%         N/A       16%         3
 Teleport Other           Tloc           6%         N/A       16%         3
 Flame Wave               Conj/Fire      15%        2d6       19%         4
 Fulminant Prism          Conj/Hex       5%         3d7       30%         4
 Dispel Undead            Necr           6%         3d8       45%         4
 Leda's Liquefaction      Hex/Erth       3%         N/A       45%         4
 Summon Forest            Summ/Tloc      5%         N/A       61%         5
 Summon Cactus Giant      Summ           7%         N/A       94%         6
 Eringya's Noxious Bog    Tmut/Pois      3%         N/A       99%         6
 Death Channel            Necr           3%         N/A       100%        6
 Summon Hydra             Summ           7%         N/A       100%        7


Dungeon Overview and Level Annotations

Branches:
Dungeon (11/15)            Temple (1/1) D:7            Lair (0/6) D:10
Ossuary (visited)
    Orc: D:9-12

Altars:
Ashenzari
Cheibriados
Dithmenos
Elyvilon
Fedhas
Gozag
Hepliaklqana
Kikubaaqudgha
Makhleb
Nemelex Xobeh
Okawaru
Qazlal
Ru
Sif Muna
Trog
Uskayaw
Vehumet
Wu Jian
Xom
Yredelemnul
Zin
The Shining One

Shops:
D:2 (   D:3 (   D:11 *

Annotations:
D:3 freelancePsychic's ghost, amateur MiHu


Innate Abilities, Weirdness & Mutations

You have a pair of small antennae on your head.
You have a moderately thin skeletal structure. (Dex +4, Stealth++)
You regenerate a little health from kills.
You regenerate magic rapidly.
Your flesh is cold resistant. (rC+)
You are somewhat resistant to further mutation.
You expend magic power (3 MP) to strengthen your wands.


Message History

Your hound bites the boulder beetle but does no damage.
There is a stone staircase leading up, spattered with blood here.
Casting: Frozen Ramparts (safe; 1% risk of failure)
Confirm with . or Enter, or press ? or * to list all spells.
You conjure some foxfire!
Your hound bites the boulder beetle but does no damage.
The boulder beetle curls into a ball and begins rolling!
Your hound bites the boulder beetle but does no damage.
The boulder beetle hits your hound!!
Your hound dies!
Your hound's corpse disappears in a puff of smoke!
The boulder beetle stops rolling and uncurls.
The foxfire hits the boulder beetle but does no damage.
The boulder beetle is almost dead.
The foxfire hits the boulder beetle but does no damage.
The boulder beetle is almost dead.
Casting: Foxfire (safe; 1% risk of failure)
Confirm with . or Enter, or press ? or * to list all spells.
Unknown command.
Casting: Call Canine Familiar (dangerous; 6% risk of failure)
Confirm with . or Enter, or press ? or * to list all spells.
Your hound disappears in a puff of smoke!
The boulder beetle curls into a ball and begins rolling!
Aiming: Iceblast
Press: ? - help, Shift-Dir - straight line, f - boulder beetle
Aim: a boulder beetle (almost dead, rolling, ally target)
The mass of ice explodes!
The iceblast engulfs the boulder beetle.
The boulder beetle is almost dead.
Aiming: Iceblast
Press: ? - help, Shift-Dir - straight line, f/p - boulder beetle
Aim: a boulder beetle (almost dead, rolling, ally target)
The mass of ice explodes!
The iceblast engulfs the boulder beetle but does no damage.
The boulder beetle is almost dead.
The now-empty wand crumbles to dust.
Your hound bites the boulder beetle but does no damage.
The boulder beetle hits you!!!
Ouch! That really hurt!
You die...

≈#...........#≈≈≈≈≈≈≈≈≈
≈#...°.......#≈≈≈≈≈≈≈≈≈
≈#...........#≈≈≈≈≈≈≈≈≈
≈#...........#≈≈≈≈≈≈≈≈≈
≈#....°......#≈≈≈≈≈≈≈≈≈
≈#.>.[.○.....#≈≈≈≈≈≈≈≈≈
≈#......○.h..#≈≈≈≈≈≈≈≈≈
≈#.......B...#≈≈≈≈≈≈≈≈≈
≈#........@..#≈≈≈≈≈≈≈≈≈
≈#......(.§..#≈≈≈≈≈≈≈≈≈
≈≈≈≈≈≈≈≈§≈≈≈≈≈≈≈≈≈≈≈≈≈≈
≈≈≈≈≈≈≈≈≈≈≈≈≈≈≈≈≈≈≈≈
≈≈≈≈≈≈≈≈≈≈≈≈≈≈≈≈≈≈≈≈
≈≈≈≈≈≈≈≈≈≈≈≈≈≈≈≈≈≈≈≈
≈≈≈≈≈≈≈≈≈≈≈≈≈≈≈≈≈≈≈
≈≈≈≈≈≈≈≈≈≈≈≈≈≈≈≈≈≈≈
≈≈≈≈≈≈≈≈≈≈≈≈≈≈≈≈≈≈≈


You could see a boulder beetle (rolling, ally target) and a friendly hound
(summoned).

Vanquished Creatures
  Erolcha (D:11)
  Erica (D:8)
  Joseph (D:8)
  A gargoyle (D:11)
  Psyche (D:9)
  A komodo dragon (D:10)
  Sigmund (D:6)
  A wraith (D:11)
  A vampire (D:10)
  5 yaks
  A wyvern (D:11)
  2 acid dragons (D:10)
  4 water moccasins
  4 orc warriors
  A black bear (D:6)
  An ice beast (D:5)
  A centaur (D:10)
  3 phantoms
  5 kobold brigands
  2 wyvern zombies
  A bullfrog (D:4)
  3 scorpions (D:5)
  3 water moccasin zombies
  2 water moccasin skeletons
  8 killer bees
  2 troll zombies (D:10)
  5 wights (D:10)
  A howler monkey (D:8)
  5 centaur zombies
  3 hounds
  A jelly (D:4)
  4 orc priests
  2 centaur skeletons
  4 iguanas
  6 orc wizards
  3 ogre zombies (D:10)
  A hound zombie (D:5)
  2 mummies (Ossuary)
  3 gnolls (D:3)
  8 adders
  4 adder zombies
  A worm (D:5)
  2 dart slugs
  28 orcs
  9 endoplasms
  A giant cockroach (D:4)
  2 gnoll zombies (Ossuary)
  10 goblins
  6 hobgoblins
  23 kobolds
  10 quokkas
  7 ball pythons
  8 bats
  4 frilled lizards
  3 goblin skeletons (D:10)
  3 goblin zombies
  5 hobgoblin zombies
  4 kobold zombies (Ossuary)
  2 orc skeletons (D:10)
  12 orc zombies
  A quokka zombie (D:6)
  3 rats
  3 foxfires (D:10)
256 creatures vanquished.

Vanquished Creatures (collateral kills)
  A centaur zombie (D:10)
  A shadow (D:9)
  A two-headed ogre zombie (D:10)
  An ogre zombie (D:10)
  An orc (D:10)
  2 kobolds (D:7)
  6 orc zombies (D:10)
13 creatures vanquished.

Vanquished Creatures (others)
  192 foxfires
  26 plants
218 creatures vanquished.

Grand Total: 487 creatures vanquished

Notes
Turn   | Place    | Note
-------+----------+-------------------------------------------
     0 | D:1      | jlumianski the Demonspawn Ice Elementalist began the quest
                  | for the Orb.
     0 | D:1      | Reached XP level 1. HP: 13/13 MP: 3/3
   198 | D:1      | Found a faded altar of an unknown god.
   436 | D:1      | Gained mutation: You regenerate a little health from kills.
                  | [demonic ancestry]
   436 | D:1      | Reached XP level 2. HP: 12/19 MP: 0/5
  1138 | D:1      | Gained mutation: You expend magic power (3 MP) to
                  | strengthen your wands. [potion of mutation]
  1138 | D:1      | Gained mutation: You are clumsy. (Dex -2) [potion of
                  | mutation]
  1138 | D:1      | Gained mutation: Your spells are a little harder to cast,
                  | but a little more powerful. [potion of mutation]
  1139 | D:1      | Lost mutation: Your spells are a little harder to cast, but
                  | a little more powerful. [potion of mutation]
  1139 | D:1      | Lost mutation: You are clumsy. (Dex -2) [potion of
                  | mutation]
  1139 | D:1      | Gained mutation: Your flesh is cold resistant. (rC+)
                  | [potion of mutation]
  1139 | D:1      | Gained mutation: You are somewhat resistant to further
                  | mutation. [potion of mutation]
  1253 | D:2      | Gained mutation: You have a somewhat thin skeletal
                  | structure. (Dex +2, Stealth+) [demonic ancestry]
  1253 | D:2      | Reached XP level 3. HP: 18/24 MP: 1/6
  1337 | D:2      | Identified the +1 leather armour of Fabulous Joy {rN++
                  | Regen+ rCorr Slay-3}
  1484 | D:2      | Learned a level 3 spell: Frozen Ramparts
  1584 | D:2      | Found Iffasil's Weapon Shoppe.
  1605 | D:2      | Bought a +0 trident of venom for 74 gold pieces
  1940 | D:2      | Gained mutation: You regenerate magic rapidly. [demonic
                  | ancestry]
  1940 | D:2      | Reached XP level 4. HP: 30/31 MP: 3/7
  2386 | D:3      | Found a transporter.
  2388 | D:3      | Found a transporter.
  2389 | D:3      | Noticed freelancePsychic's ghost (amateur MiHu)
  2483 | D:3      | Identified a scroll of acquirement
  2483 | D:3      | Acquired the ring "Ziodwag" {rElec EV+4}
  2567 | D:3      | Reached skill level 1 in Polearms
  2689 | D:4      | Noticed a bullfrog
  2698 | D:4      | Killed a bullfrog
  2699 | D:4      | Gained mutation: You have a pair of small antennae on your
                  | head. [demonic ancestry]
  2699 | D:4      | Reached XP level 5. HP: 31/36 MP: 4/8
  2899 | D:3      | Found Kiyth's Weapon Emporium.
  2926 | D:3      | Reached skill level 1 in Armour
  3199 | D:3      | Reached XP level 6. HP: 19/42 MP: 2/10
  3482 | D:4      | Learned a level 3 spell: Ozocubu's Armour
  4077 | D:5      | Entered Level 5 of the Dungeon
  4321 | D:5      | Reached skill level 1 in Fighting
  4321 | D:5      | Reached skill level 5 in Ice Magic
  4321 | D:5      | Reached XP level 7. HP: 45/48 MP: 9/11
  4508 | D:5      | Learned a level 1 spell: Foxfire
  5111 | D:5      | Reached skill level 1 in Conjurations
  5142 | D:5      | Reached XP level 8. HP: 39/54 MP: 13/13
  5410 | D:5      | Reached skill level 1 in Fire Magic
  5510 | D:5      | Identified the ring "Tiduem Icro" {Will+ SInv}
  5817 | D:6      | Noticed Sigmund
  5825 | D:6      | Killed Sigmund
  5826 | D:6      | Reached skill level 5 in Polearms
  5826 | D:6      | Reached skill level 5 in Spellcasting
  5826 | D:6      | Reached XP level 9. HP: 62/62 MP: 10/16
  6167 | D:6      | Found a sand-covered staircase.
  6186 | Ossuary  | Entered an ossuary
  6381 | Ossuary  | Acquired the amulet "Gilygh" {Reflect rC++ SH+5}
  7034 | D:7      | Found a staircase to the Ecumenical Temple.
  7046 | Temple   | Entered the Ecumenical Temple
  7165 | Temple   | Became a worshipper of Qazlal Stormbringer
  7299 | D:7      | Learned a level 3 spell: Call Canine Familiar
  7483 | D:7      | Found an ornate altar of the Wu Jian Council.
  8109 | D:8      | Noticed Joseph
  8133 | D:8      | Killed Joseph
  8482 | D:8      | Noticed Erica
  8641 | D:8      | Killed Erica
  8642 | D:8      | Reached skill level 1 in Summonings
  8642 | D:8      | Gained mutation: You have a moderately thin skeletal
                  | structure. (Dex +4, Stealth++) [demonic ancestry]
  8642 | D:8      | Reached XP level 10. HP: 66/70 MP: 7/19
  9017 | D:8      | Learned a level 2 spell: Wereblood
  9557 | D:8      | Reached * piety under Qazlal
 10179 | D:9      | Noticed Psyche
 10189 | D:9      | Killed Psyche
 11013 | D:10     | Entered Level 10 of the Dungeon
 11073 | D:11     | Noticed Erolcha
 11074 | D:11     | Noticed a two-headed ogre
 11549 | D:10     | Found a staircase to the Lair.
 11849 | D:10     | Reached ** piety under Qazlal
 11939 | D:10     | Reached skill level 1 in Shields
 12447 | D:10     | Acquired a +6 vampiric demon trident
 12631 | D:10     | Learned a level 2 spell: Scorch
 12883 | D:10     | You fall into a shaft and drop 1 floor!
 12892 | D:11     | Reached skill level 1 in Invocations
 12911 | D:11     | Found Siohyco's Assorted Antiques.
 12915 | D:11     | Noticed a gargoyle
 12920 | D:11     | Killed a gargoyle
 12956 | D:11     | Noticed a boulder beetle
 12978 | D:11     | Reached XP level 11. HP: 43/78 MP: 22/22
 13359 | D:11     | Killed Erolcha
 13417 | D:11     | HP: 1/78 [boulder beetle (8)]
 13427 | D:11     | Annihilated by a boulder beetle

Illustrated notes

Levels and vault maps discovered:
D:1:      dpeg_arrival_pond, layout_loops_cross,
          shapermc_ecumenical_altar_starsandcircs
D:2:      layout_basic, serial_shops, shop, minmay_3d_cube
D:3:      kennysheep_big_flooded_room, layout_rooms, gammafunk_ghost_mausoleum,
          serial_shops, nicolae_shop_statue_plus,
          chequers_serial_rivers_large_b, patterned_corridor
D:4:      layout_cave_pools
D:5:      wad_woods_pond, layout_basic, serial_corexii_hall,
          corexii_hall_statues_l, chequers_hall_statues_wall_a,
          kennysheep_generic_room_16
D:6:      layout_basic, enter_ossuary_4, uniq_sigmund
D:7:      layout_basic, nicolae_wu_jian_immortal_techniques,
          minmay_temple_entry_drinking_statues
D:8:      layout_layer_cave, minmay_door_square, uniq_joseph, uniq_erica
D:9:      layout_basic, uniq_psyche
D:10:     layout_roguey, david_lair_shrubbed, zombieorc2_lemuel,
          gammafunk_ghost_necromancy
D:11:     layout_cross, serial_shops, shop, uniq_erolcha
Temple:   minmay_crystal_snake_temple

Skill      XL: |  1  2  3  4  5  6  7  8  9 10 11 |
---------------+----------------------------------+-----
Ice Magic      | 4 5 6 7 |  7.2
Dodging        | 2 3 4 |  4.8
Stealth        | 2 3 4 |  4.2
Polearms       | 1 2 3 5 6 7 |  7.4
Armour         | 1 2 3 |  3.8
Fighting       | 1 2 3 4 |  4.5
Spellcasting   | 3 5 6 7 |  7.7
Conjurations   | 1 2 |  2.6
Fire Magic     | 1 2 |  2.4
Summonings     | 1 2 |  2.5
Shields        | 1 |  1.7
Invocations    | 2 3 |  3.3
Throwing       | |  0.8
Transmutations | |  0.2

Action                   |  1- 3 |  4- 6 |  7- 9 | 10-12 || total
-------------------------+-------+-------+-------+-------++-------
Melee: Spear             |    40 |       |       |       ||    40
       Dagger            |     3 |       |       |       ||     3
       Punch             |     2 |     2 |     4 |     3 ||    11
       Trident           |    12 |   128 |   280 |   267 ||   687
       Demon trident     |       |       |       |    45 ||    45
Throw: Boomerang         |     6 |     5 |     3 |     5 ||    19
 Cast: Freeze            |    33 |    16 |     6 |    15 ||    70
       Frozen Ramparts   |     2 |     9 |    23 |    19 ||    53
       Ozocubu's Armour  |       |     1 |    24 |    11 ||    36
       Foxfire           |       |       |    55 |    51 ||   106
       Call Canine Famil |       |       |     3 |    24 ||    27
       Wereblood         |       |       |       |     6 ||     6
       Scorch            |       |       |       |     9 ||     9
Evoke: Wand              |       |       |       |     2 ||     2
  Use: Potion            |     5 |     6 |     2 |     5 ||    18
       Scroll            |     3 |     5 |     3 |     9 ||    20
 Stab: Sleeping          |     4 |    12 |    11 |     4 ||    31
       Distracted        |       |       |       |     4 ||     4
Armor: Robe              |    23 |       |       |       ||    23
       Leather armour    |     3 |    37 |    87 |    67 ||   194
Dodge: Dodged            |    56 |   112 |   249 |   197 ||   614
Block: Other             |       |       |    27 |    91 ||   118
       Reflection        |       |       |     2 |     3 ||     5

Table legend: (Time is in decaauts)
 A = Elapsed time spent in this place.
 B = Non-inter-level travel time spent in this place.
 C = Inter-level travel time spent in this place.
 D = Time resting spent in this place.
 E = Time spent auto-exploring this place.
 F = Levels seen in this place.
 G = Mean time per level.
                   A        B        C        D        E       F      G
               +--------+--------+--------+--------+--------+-----+--------+
         Total |  13498 |  13271 |    227 |   1575 |   7113 |  13 | 1038.3 |
       Dungeon |  13055 |  12828 |    227 |   1565 |   7112 |  11 | 1186.8 |
        Temple |    233 |    233 |      0 |      0 |      0 |   1 |  233.0 |
       Ossuary |    208 |    208 |      0 |     10 |      1 |   1 |  208.0 |
               +--------+--------+--------+--------+--------+-----+--------+

Top non-repeatable levels by time:
     D:9: 1777 daAuts
     D:5: 1697 daAuts
    D:10: 1677 daAuts
     D:8: 1625 daAuts
     D:1: 1182 daAuts
     D:2: 1123 daAuts
     D:3: 1121 daAuts
     D:7: 1079 daAuts
     D:6: 799 daAuts
     D:4: 706 daAuts
    D:11: 264 daAuts
  Temple: 233 daAuts
 Ossuary: 208 daAuts
